Map: Eternal Empire LE

Players

RuFF - Winner!

  • Race: Terran Terran
  • League: Master
  • Spawn Location: 1:00

AnDreJOO

  • Race: Protoss Protoss
  • League: Master
  • Spawn Location: 7:00

VOD

Have the link to the VOD?

Description

Time

  • Played on: Dec. 15, 2019, 1:46 p.m.
  • Length: 3:53
Show
View Real Time Build Order
Export as new Build Order

RuFF Terran - Winner!

Build Orders:  

Get SALT Encoding   

  12  0:02  SCV  
  13  0:14  SCV  
  13  0:18  Supply Depot  
  14  0:26  SCV  
  15  0:37  Refinery  
  15  0:40  SCV  
  16  0:45  Barracks  
  16  0:52  SCV  
  16  0:55  Refinery  
  17  1:04  SCV  
  18  1:16  SCV  
  19  1:28  SCV  
  19  1:32  Barracks Reactor  
  20  1:38  Factory  
  20  1:41  Orbital Command  
  20  1:53  Supply Depot  
  20  2:06  Supply Depot  
  20  2:07  SCV  
  21  2:09  Reaper  
  21  2:13  Reaper  
  23  2:22  Hellion  
  25  2:28  SCV  
  26  2:40  Starport  
  26  2:42  Reaper  
  27  2:45  Reaper  
  27  2:50  Hellion  
  30  2:55  Supply Depot  
  30  2:57  SCV  
  31  3:09  SCV  
  32  3:14  Reaper  
  32  3:17  Reaper  
  34  3:21  SCV  
  33  3:29  Hellion  
  35  3:40  Fusion Core  
  35  3:50  Starport Tech Lab  
Show
View Real Time Build Order
Export as new Build Order

AnDreJOO Protoss 

Build Orders: 1 Gate Expand 

Get SALT Encoding   

  12  0:00  Probe  
  13  0:12  Probe  
  14  0:17  Pylon  
  14  0:24  Probe (Chrono Boost)  
  15  0:37  Probe (Chrono Boost)  
  15  0:39  Gateway  
  16  0:45  Probe (Chrono Boost)  
  16  0:46  Assimilator  
  17  0:54  Probe  
  18  1:06  Probe  
  19  1:18  Probe  
  19  1:25  Nexus  
  20  1:36  Cybernetics Core  
  20  1:42  Probe  
  20  1:43  Assimilator  
  21  1:54  Probe, Pylon  
  22  2:06  Probe  
  23  2:10  Stalker (Chrono Boost)  
  25  2:18  Probe  
  26  2:32  Probe (Chrono Boost)  
  26  2:33  Sentry (Chrono Boost)  
  29  2:38  Probe (Chrono Boost)  
  31  2:47  Probe x2 (Chrono Boost)  
  32  2:52  Probe (Chrono Boost)  
  32  2:53  Twilight Council  
  32  2:54  Probe, Stalker  
  36  3:04  Probe  
  37  3:06  Probe  
  37  3:10  Gateway  
  37  3:12  Gateway  
  33  3:35  Probe  
  33  3:37  Pylon  
  33  3:38  Probe  
Tags
 
Add a new tag
Caveats
  • Supply blocks, unpowered buildings, or Contaminate may cause inaccurate times.
  • Supply counts are checked every 10 seconds.